Map: Dusk Towers

Players

LiquidMaNa (MaNa) - Winner!

  • Race: Protoss Protoss

Apocalypse

  • Race: Terran Terran

VOD

Have the link to the VOD?

Description

Time

  • Played on: Dec. 14, 2015, 4:19 p.m.
  • Length: 12:00
Show
View Real Time Build Order
Export as new Build Order

LiquidMaNa Protoss - Winner!

Build Orders: 1 Gate Expand, Blink Stalkers 

Get SALT Encoding   

  12  0:01  Probe (Chrono Boost)  
  13  0:12  Probe (Chrono Boost)  
  14  0:19  Pylon  
  14  0:22  Probe (Chrono Boost)  
  15  0:37  Probe (Chrono Boost)  
  15  0:38  Gateway  
  16  0:47  Probe (Chrono Boost)  
  17  1:07  Nexus  
  17  1:10  Probe (Chrono Boost)  
  18  1:19  Assimilator  
  18  1:21  Probe (Chrono Boost)  
  19  1:28  Cybernetics Core  
  19  1:31  Probe (Chrono Boost)  
  20  1:36  Assimilator  
  20  1:42  Probe (Chrono Boost)  
  21  1:47  Pylon  
  21  1:52  Probe (Chrono Boost)  
  22  2:03  Probe (Chrono Boost)  
  22  2:05  Stalker (Chrono Boost)  
  25  2:13  Probe  
  25  2:15  Warp Gate  
  26  2:17  Probe  
  26  2:25  Probe  
  27  2:30  Mothership Core (Chrono Boost)  
  29  2:38  Probe (Chrono Boost)  
  29  2:41  Stalker  
  32  2:49  Probe (Chrono Boost)  
  32  2:50  Probe (Chrono Boost)  
  34  3:00  Twilight Council, Probe x2 (Chrono Boost)  
  36  3:07  Assimilator  
  36  3:10  Pylon  
  36  3:11  Probe x2 (Chrono Boost)  
  38  3:19  Stalker  
  40  3:21  Probe x2 (Chrono Boost)  
  42  3:31  Probe (Chrono Boost)  
  42  3:32  Probe (Chrono Boost), Blink (Chrono Boost)  
  44  3:40  Pylon  
  44  3:41  Probe  
  44  3:42  Probe  
  44  3:48  Robotics Facility  
  46  3:54  Gateway  
  46  3:56  Probe x2  
  48  4:05  Gateway  
  48  4:07  Probe  
  48  4:08  Probe  
  50  4:13  Assimilator  
  50  4:17  Probe  
  50  4:20  Stalker  
  50  4:21  Probe  
  54  4:28  Probe  
  54  4:33  Probe, Pylon  
  54  4:35  Observer (Chrono Boost)  
  56  4:41  Probe  
  56  4:44  Stalker  
  56  4:45  Probe  
  60  4:46  Pylon  
  60  4:51  Stalker  
  62  4:53  Probe  
  62  4:56  Observer (Chrono Boost)  
  62  4:57  Probe  
  65  5:00  Pylon  
  65  5:04  Stalker  
  65  5:05  Probe  
  68  5:09  Sentry, Probe  
  71  5:14  Gateway  
  71  5:15  Gateway, Observer (Chrono Boost)  
  71  5:18  Gateway  
  72  5:21  Pylon  
  72  5:24  Probe x2  
  74  5:36  Probe  
  74  5:37  Observer (Chrono Boost)  
  74  5:40  Nexus  
  76  5:50  Pylon  
  76  5:52  Probe x2, Forge  
  76  5:54  Forge  
  77  5:57  Resonating Glaives  
  77  5:58  Sentry x3  
  83  6:13  Immortal (Chrono Boost), Probe x2  
  83  6:16  Sentry  
  83  6:17  Adept  
  93  6:25  Pylon  
  93  6:27  Protoss Ground Weapons Level 1 (Chrono Boost), Protoss Ground Armor Level 1 (Chrono Boost)  
  93  6:29  Pylon  
  93  6:38  Photon Cannon x2  
  93  6:42  Probe, Photon Cannon  
  93  6:43  Probe  
  95  6:56  Pylon  
  95  6:57  Pylon  
  95  7:00  Pylon  
  95  7:03  Immortal  
  97  7:09  Adept x2  
  97  7:12  Stalker  
  103  7:17  Gateway  
  103  7:22  Probe  
  103  7:23  Probe x2, Robotics Bay  
  103  7:28  Assimilator  
  103  7:29  Assimilator  
  106  7:34  Photon Cannon  
  106  7:42  Immortal  
  106  7:43  Adept x2  
  108  7:55  Adept x3  
  114  8:00  Probe x2  
  109  8:08  Probe  
  109  8:09  Adept x2  
  113  8:12  Probe  
  113  8:13  Probe  
  113  8:15  Adept x3  
  113  8:19  Probe  
  116  8:25  Probe x2  
  117  8:31  Pylon x2  
  117  8:38  Pylon  
  117  8:44  Pylon  
  117  8:45  Pylon  
  117  8:48  Protoss Ground Armor Level 2 (Chrono Boost), Protoss Ground Weapons Level 2 (Chrono Boost)  
  117  8:49  Probe x2, Disruptor  
  122  8:57  Photon Cannon, Assimilator  
  122  9:02  Stalker  
  122  9:03  Stalker  
  122  9:06  Stalker  
  128  9:10  Stalker  
  128  9:13  Stalker  
  128  9:15  Stalker  
  134  9:23  Pylon  
  134  9:24  Disruptor  
  136  9:31  Adept x2  
  136  9:32  Adept  
  140  9:42  Adept x3  
  140  9:45  Probe x2  
  148  10:00  Disruptor  
  148  10:02  Stalker x3  
  157  10:15  Nexus  
  151  10:35  Stalker x5  
  157  10:45  Pylon  
  157  10:47  Pylon, Warp Prism  
  157  10:49  Pylon  
  157  10:55  Gateway  
  154  11:00  Gateway  
  145  11:10  Adept x6  
  141  11:23  Disruptor  
Show
View Real Time Build Order
Export as new Build Order

Apocalypse Terran 

Build Orders: Reaper Expand, MMM Bio 

Get SALT Encoding   

  12  0:01  SCV  
  13  0:13  SCV  
  14  0:21  Supply Depot  
  14  0:25  SCV  
  16  0:42  SCV  
  16  0:46  Barracks  
  16  0:50  Refinery  
  16  0:54  SCV  
  17  1:07  SCV  
  18  1:19  SCV  
  19  1:33  Orbital Command  
  19  1:34  Reaper  
  20  1:43  Command Center  
  20  1:55  Supply Depot  
  20  1:59  SCV  
  21  2:07  Barracks Reactor  
  21  2:11  SCV  
  21  2:13  Refinery  
  22  2:21  Barracks  
  22  2:23  SCV  
  23  2:35  SCV  
  23  2:36  Factory  
  24  2:44  Marine x2  
  24  2:48  SCV  
  27  2:54  Bunker  
  27  2:56  Orbital Command  
  27  3:00  SCV  
  27  3:03  Marine  
  29  3:10  Barracks Tech Lab  
  29  3:12  SCV  
  30  3:13  Marine  
  31  3:21  Marine  
  31  3:24  SCV  
  33  3:27  SCV  
  33  3:36  SCV  
  33  3:38  Cyclone  
  33  3:39  SCV  
  33  3:40  Marine x2  
  33  3:41  Barracks Tech Lab  
  40  3:47  Supply Depot  
  40  3:50  Engineering Bay  
  40  3:51  SCV x2  
  42  4:00  Stimpack, Marauder  
  44  4:03  Marine  
  44  4:06  SCV  
  44  4:09  SCV  
  47  4:11  Supply Depot  
  47  4:15  Siege Tank  
  50  4:22  Refinery  
  50  4:26  SCV  
  50  4:29  Marauder, Marine  
  54  4:32  Marine  
  54  4:33  SCV  
  54  4:37  Starport  
  54  4:38  SCV  
  57  4:42  Supply Depot  
  57  4:46  Missile Turret  
  57  4:48  Terran Infantry Weapons Level 1  
  57  4:49  SCV  
  57  4:52  Marine  
  58  4:55  SCV  
  60  5:01  Barracks  
  60  5:04  Marauder  
  62  5:08  SCV x2  
  62  5:12  Supply Depot  
  64  5:20  SCV x2, Marine x2  
  68  5:22  Medivac  
  70  5:30  Supply Depot  
  70  5:32  Factory Reactor  
  70  5:34  SCV  
  71  5:36  SCV, Marauder  
  71  5:39  Marine x2  
  76  5:47  Supply Depot  
  76  5:48  Combat Shields  
  76  5:49  Marauder  
  78  5:58  SCV  
  78  6:00  Marauder, Marine x2  
  78  6:03  Concussive Shells  
  83  6:07  Barracks  
  83  6:10  Barracks  
  83  6:15  SCV  
  83  6:16  SCV  
  85  6:22  Medivac  
  85  6:23  Medivac  
  85  6:25  Marauder, Marine x2  
  93  6:29  Supply Depot x2  
  93  6:33  SCV  
  94  6:42  Refinery  
  94  6:50  SCV x2  
  94  6:51  Marine  
  94  6:52  Marauder, Marine  
  100  6:57  Barracks Reactor  
  100  6:58  Command Center  
  100  7:01  Terran Infantry Armor Level 1  
  100  7:02  Barracks Tech Lab  
  100  7:04  SCV x2  
  100  7:08  Medivac x2  
  103  7:17  Marine  
  103  7:18  Marauder x2, Marine  
  103  7:19  SCV  
  110  7:24  Supply Depot, SCV  
  110  7:29  Factory Reactor, Marine  
  112  7:34  Supply Depot  
  112  7:35  Supply Depot, Marine x2  
  114  7:38  Marine  
  114  7:39  Marauder  
  106  7:58  Marine  
  106  7:59  Marauder x2, Marine  
  106  8:02  Marine  
  106  8:03  Marauder, Marine  
  109  8:09  Widow Mine, Medivac x2  
  104  8:13  Engineering Bay  
  104  8:16  Armory, Marine x2  
  106  8:20  Marine x2  
  106  8:21  Marauder  
  106  8:22  Marine  
  106  8:25  Marauder  
  106  8:26  SCV, Orbital Command  
  102  8:33  SCV  
  103  8:34  Marine  
  103  8:38  SCV, Marauder, Marine x2  
  103  8:39  Medivac  
  103  8:40  Marine  
  112  8:42  Marauder  
  112  8:46  Marauder  
  116  8:49  SCV  
  116  8:52  Marine, Widow Mine x2  
  116  8:54  Medivac  
  124  8:55  Marine  
  124  8:56  Marine  
  124  8:58  Marine  
  124  9:00  Supply Depot, Marauder  
  129  9:03  Marine  
  129  9:05  SCV x2  
  129  9:06  Refinery x2, Terran Infantry Weapons Level 2  
  129  9:08  Terran Infantry Armor Level 2  
  132  9:13  Marine x2  
  134  9:19  SCV  
  134  9:20  Marine  
  134  9:23  Marine, Terran Ship Weapons Level 1  
  134  9:24  Supply Depot, Medivac  
  134  9:41  Marine x2  
  134  9:42  Medivac  
  131  9:48  SCV  
  131  9:49  Marine  
  131  9:50  Marauder, Widow Mine x2, Marine x2  
  131  9:52  Command Center  
  141  9:54  Medivac  
  142  10:12  Marauder, Medivac, Marine x2  
  142  10:14  Marauder, Marine x3  
  151  10:17  Barracks  
  151  10:19  Barracks x2  
  127  10:23  Liberator  
  127  10:25  Liberator  
  127  10:26  Widow Mine  
  113  10:29  Marine  
  113  10:30  Marine  
  113  10:31  Marine  
  113  10:32  Marauder, Marine  
  113  10:34  Marauder  
  113  10:35  Marine  
  122  10:47  Marine x2  
  122  10:50  Marine  
  122  10:51  Marine  
  122  10:53  Marauder  
  122  10:54  Marauder  
  117  10:58  Marine  
  109  11:05  Marine  
  109  11:06  Marine  
  109  11:07  Marine  
  109  11:08  Marine x3  
  109  11:10  Marine  
  106  11:15  Marauder x2  
  106  11:16  Marine  
  86  11:23  Marine  
  86  11:24  Marine x2  
  87  11:26  Marine x3  
  87  11:28  Marine  
  82  11:34  Marauder  
  82  11:36  Marauder, Marine  
  82  11:41  Marine  
Tags
 
Add a new tag
Caveats
  • Supply blocks, unpowered buildings, or Contaminate may cause inaccurate times.
  • Supply counts are checked every 10 seconds.